 Dungeon Crawl Stone Soup version bcrawl-1.13.5 (webtiles) character file.

Game seed: 18062971064383764891

12495 Anmu the Destroyer (level 11, -3/62 HPs)
             Began as a Fairy Conjurer on Sept 3, 2019.
             Was an Elder of Sif Muna.
             Killed from afar by an orc sorcerer (27 damage)
             ... with a bolt of fire
             ... while paralysed by an orc sorcerer
             ... in the Orcish Mines.
             The game lasted 00:30:46 (7713 turns).

Anmu the Destroyer (Fairy Conjurer)                 Turns: 7713, Time: 00:30:47

Health: -3/62      AC: 12    Str:  8    XL:     11   Next: 94%
Magic:  19/30      EV:  3    Int: 22    God:    Sif Muna [****..]
Gold:   690        SH:  0    Dex: 13    Spells: 11/36 levels left

rFire    . . .     SeeInvis .   q - +0 dagger (protect)
rCold    . . .     Gourm    .   (shield restricted)
rNeg     . . .     Faith    .   (armour unavailable)
rPois    .         Spirit   .   y - +0 helmet
rElec    .         Reflect  .   f - +1 cloak {MR+}
rCorr    .         Harm     .   (no gloves)
MR       ++...                  o - +1 pair of boots
Stlth    +.........             v - amulet of magic regeneration
HPRegen  0.20/turn              e - +4 ring of evasion
MPRegen  0.47/turn              m - ring of wizardry

@: paralysed, flying evasively
A: small, magic attunement, unstealthy, unfitting armour, hooves 1, rugged brown
scales 1, strong 1, able to fly, AC/SH +6
a: Stop Flying, Divine Energy, Channel Magic, Forget Spell, Renounce Religion


You were in the Orcish Mines.
You worshipped Sif Muna.
Sif Muna was greatly pleased with you.
You were not hungry.

You visited 3 branches of the dungeon, and saw 11 of its levels.

You collected 690 gold pieces.

Inventory:

Hand Weapons
 q - a +0 dagger of protection (weapon)
Armour
 f - a +1 cloak of magic resistance (worn)
 o - a +1 pair of boots (worn)
 y - a +0 helmet (worn)
Jewellery
 c - an uncursed ring of ice
 e - a +4 ring of evasion (left hand)
 m - a ring of wizardry (right hand)
 v - an amulet of magic regeneration (around neck)
Wands
 p - a wand of polymorph (11)
 x - a wand of disintegration (5)
 A - a wand of iceblast (10)
Scrolls
 d - 5 scrolls of enchant weapon
 h - a scroll of fog
 i - 11 scrolls of identify
 j - 2 scrolls of fear
 l - 2 scrolls of amnesia
 n - 5 scrolls of teleportation
 t - 4 scrolls of remove curse
 u - a scroll of enchant armour
Potions
 a - 3 potions of lignification
 g - 2 potions of curing
 k - 4 potions of heal wounds
 r - 3 potions of brilliance
 s - a potion of haste
 z - a potion of agility
 B - 2 potions of mutation
Comestibles
 b - 21 rations {!d}


   Skills:
 * Level 12.3 Dodging
 + Level 3.0 Stealth
 + Level 13.0 Spellcasting
 + Level 13.6 Conjurations
 + Level 1.4 Charms
 + Level 1.2 Transmutations
 + Level 1.0 Evocations


You had 11 spell levels left.
You knew the following spells:

 Your Spells              Type           Power        Failure   Level  Hunger
a - Magic Dart            Conj           ####         0%          1    None
b - Iskenderun's Mystic   Conj           ######..     1%          3    None
c - Irradiate             Conj/Tmut      #####.....   2%          5    None
d - Ozocubu's Armour      Chrm/Ice       ###.....     4%          3    None
e - Iskenderun's Battles  Conj/Chrm      #####...     2%          5    None
f - Orb of Destruction    Conj           ######....   6%          7    None
g - Summon Butterflies    Summ           ##......     1%          1    None

Your spell library contained the following spells:

 Spells                   Type           Power        Failure   Level  Hunger
 Blink Other              Tloc           ##....       1%          1    None
 Summon Small Mammal      Summ           ##..         1%          1    None
 Searing Ray              Conj           ######       1%          2    None
 Throw Frost              Conj/Ice       #####.       1%          2    None
 Stone Arrow              Conj/Erth      #####.       1%          3    None
 Fulminant Prism          Conj/Hex       #####.....   1%          4    None
 Throw Icicle             Conj/Ice       #####...     1%          4    None
 Blink                    Tloc           N/A          2%          2    None
 Regeneration             Chrm/Necr      ###.......   4%          3    None
 Spectral Weapon          Hex/Chrm       ###.....     4%          3    None
 Beckoning                Tloc           ##........   5%          3    None
 Portal Projectile        Tloc           ##....       5%          3    None
 Yara's Violent Unravell  Hex/Tmut       ###.......   14%         4    None
 Iron Shot                Conj/Erth      #####.....   16%         6    None
 Poison Arrow             Conj/Pois      #####.....   16%         6    None
 Force Lance              Tloc           ##......     17%         4    None
 Lee's Rapid Deconstruct  Erth           ##........   43%         5    None
 Metabolic Englaciation   Hex/Ice        ##........   43%         5    None
 Summon Forest            Summ/Tloc      ##........   43%         5    None
 Spellforged Servitor     Conj/Summ      #####.....   65%         7    None
 Deflect Missiles         Chrm/Air       ###.......   87%         6    None
 Statue Form              Tmut/Erth      ###......    88%         6    None
 Dispersal                Tloc           ##........   92%         6    None
 Summon Hydra             Summ           ##........   92%         6    None
 Malign Gateway           Summ/Tloc      ##........   100%        7    None
 Controlled Blink         Tloc           N/A          100%        8    None
 Dragon's Call            Summ           ##........   100%        9    None
 Shatter                  Erth           ##........   100%        9    None


Dungeon Overview and Level Annotations

Branches:
Dungeon (9/12)             Temple (1/1) D:4            Lair (0/6) D:9
    Orc (1/1) D:8             Elf (0/3) Orc

Altars:
Ashenzari
Cheibriados
Dithmenos
Fedhas
Gozag
Kikubaaqudgha
Nemelex Xobeh
Okawaru
Ru
Sif Muna
Trog
Vehumet
Wu Jian
Yredelemnul
Zin
Beogh


Innate Abilities, Weirdness & Mutations

Your spells do not cause hunger and MP costs are reduced by 1.
Your bright wings attract enemies. (Stealth-)
You cannot fit into any form of body armour.
Your shimmering scales are hard and can block incoming attacks. (AC +6, SH +6)
You are small and have problems with some larger weapons.
You can fly continuously.
You have large cloven feet.
You are partially covered in rugged brown scales. (AC +1, +3% HP)
Your muscles are strong. (Str +2)


Message History

The orc sorcerer goes into a battle-frenzy!
Casting: Orb of Destruction (slightly dangerous; 6% risk of failure)
Confirm with . or Enter, or press ? or * to list all spells.
Aiming: Orb of Destruction (slightly dangerous; 6% risk of failure)
Press: ? - help, Shift-Dir - straight line, f/p - two-headed ogre
Aim: a two-headed ogre, wielding a +0 giant club and a +0 giant spiked club (heavily wounded)
The wavering orb of destruction weakly hits the two-headed ogre.
You blow up the two-headed ogre!
Sif Muna accepts your kill.
Your Spellcasting skill increases to level 13!
The orc sorcerer casts a spell at you.
You suddenly lose the ability to move!
The orc sorcerer casts a spell at you.
Helpless, you fail to dodge the bolt of fire.
The orc knight unwields a +0 great sword.
The orc knight wields a +0 arbalest.
The orc knight shoots a bolt.
The bolt hits you!!
The orc sorcerer gestures at you while chanting.
Helpless, you fail to dodge the bolt of fire.
You die...

.###..........#.....#.....#
.. ##........########)###.#
.. ###......# #..)).#.# ..
####....# #.._..'.# ..
####.# #.....#.# ..
.#######'###.# .
#......#...# #'######'###
#@# #.).# #)# #.○.# %%.
#≈≈≈# $oo%. #§§§# #....%#
#≈≈≈# ##...## #≈≈≈## #..%#
##≈≈≈# ##.## ##≈≈# ##≈≈#


You could see an orc knight and an orc sorcerer.

Vanquished Creatures
  Erica (D:8)
  4 two-headed ogres
  An orc knight (Orc)
  An orc sorcerer (Orc)
  A centaur zombie (D:6)
  2 hippogriffs
  Eustachio (D:5)
  2 hungry ghosts
  A warg (D:8)
  An acid dragon (D:4)
  2 sky beasts
  19 orc warriors
  An ice beast (D:5)
  2 phantoms
  4 centaurs
  16 ogres
  2 big kobolds
  4 bullfrogs
  6 scorpions
  4 wights (D:9)
  12 killer bees
  2 howler monkeys (D:6)
  6 crimson imps
  3 hounds
  10 orc priests
  5 jellies
  A quasit (D:9)
  A centaur skeleton (D:5)
  14 orc wizards
  2 iguanas
  5 worker ants
  A killer bee zombie (D:5)
  2 hound zombies
  A hound skeleton (D:3)
  A worker ant zombie (D:5)
  7 gnolls
  A howler monkey skeleton (D:4)
  7 adders
  8 oozes
  3 adder zombies
  4 worms
  A dart slug (D:3)
  5 leopard geckos
  89 orcs
  A ball python (D:3)
  4 bats
  A giant cockroach (D:3)
  A goblin (D:8)
  7 hobgoblins
  12 kobolds
  6 quokkas
  6 frilled lizards
  4 rats
308 creatures vanquished.

Notes
Turn   | Place    | Note
-------+----------+-------------------------------------------
     0 | D:1      | Anmu the Fairy Conjurer began the quest for the Orb.
     0 | D:1      | Reached XP level 1. HP: 11/11 MP: 6/6
   266 | D:1      | Reached skill level 5 in Conjurations
   627 | D:1      | Reached XP level 2. HP: 17/17 MP: 7/7
   843 | D:2      | Reached XP level 3. HP: 21/21 MP: 9/9
   848 | D:2      | Learned a level 3 spell: Iskenderun's Mystic Blast
  1338 | D:2      | Reached XP level 4. HP: 27/27 MP: 10/10
  2138 | D:3      | Found a faded altar of an unknown god.
  2531 | D:4      | Reached XP level 5. HP: 31/31 MP: 7/12
  2531 | D:4      | Noticed a phantom
  2541 | D:4      | Killed a phantom
  2547 | D:4      | Reached XP level 6. HP: 36/36 MP: 5/14
  2638 | D:4      | Reached skill level 5 in Spellcasting
  2706 | D:4      | Reached skill level 5 in Dodging
  2706 | D:4      | Reached XP level 7. HP: 41/41 MP: 11/17
  2748 | D:4      | Noticed Pikel
  2750 | D:4      | Noticed Pikel
  2750 | D:4      | Pikel changed into Pikel the acid dragon
  2923 | D:4      | Found a staircase to the Ecumenical Temple.
  2944 | D:4      | Killed Pikel the acid dragon
  2973 | Temple   | Entered the Ecumenical Temple
  3027 | Temple   | Became a worshipper of Sif Muna the Loreminder
  3232 | D:5      | Entered Level 5 of the Dungeon
  3242 | D:5      | Found a sacrificial altar of Ru.
  3298 | D:5      | Reached XP level 8. HP: 46/46 MP: 5/19
  3434 | D:5      | Noticed Eustachio
  3437 | D:5      | Killed Eustachio
  3442 | D:5      | Reached * piety under Sif Muna
  3457 | D:5      | Gained mutation: You are partially covered in rugged brown
                  | scales. (AC +1, +3% HP) [potion of mutation]
  3457 | D:5      | Gained mutation: You have large cloven feet. [potion of
                  | mutation]
  3457 | D:5      | Gained mutation: Your muscles are strong. (Str +2) [potion
                  | of mutation]
  3461 | D:5      | Reached skill level 1 in Evocations
  3478 | D:5      | Identified Sif Muna's Collected Works on Earthen
                  | Enchantment (Sif Muna gifted it to you on level 5 of the
                  | Dungeon)
  3478 | D:5      | Received a gift from Sif Muna
  3486 | D:5      | Learned a level 5 spell: Irradiate
  3734 | D:5      | Reached XP level 9. HP: 38/52 MP: 1/23
  4210 | D:6      | Found an opulent altar of Gozag.
  4251 | D:6      | Reached ** piety under Sif Muna
  4264 | D:6      | Reached skill level 10 in Conjurations
  4798 | D:7      | Identified a scroll of acquirement
  4926 | D:7      | Reached skill level 10 in Dodging
  5059 | D:7      | Reached XP level 10. HP: 57/57 MP: 22/25
  5060 | D:7      | Identified Sif Muna's Tome of Icy Displacement (Sif Muna
                  | gifted it to you on level 7 of the Dungeon)
  5060 | D:7      | Received a gift from Sif Muna
  5534 | D:8      | Reached skill level 10 in Spellcasting
  5561 | D:8      | Noticed a two-headed ogre
  5587 | D:8      | Killed a two-headed ogre
  5646 | D:8      | Noticed Erica
  5651 | D:8      | Killed Erica
  5677 | D:8      | Found a staircase to the Orcish Mines.
  5738 | D:8      | Reached *** piety under Sif Muna
  6061 | D:9      | Reached skill level 1 in Transmutations
  6061 | D:9      | Noticed a two-headed ogre
  6069 | D:9      | Killed a two-headed ogre
  6069 | D:9      | Reached XP level 11. HP: 52/62 MP: 21/28
  6165 | D:9      | Received a gift from Sif Muna
  6266 | D:9      | Found a staircase to the Lair.
  6573 | D:9      | Learned a level 5 spell: Iskenderun's Battlesphere
  6582 | D:9      | Learned a level 7 spell: Orb of Destruction
  6729 | Orc      | Entered the Orcish Mines
  6825 | Orc      | Noticed a two-headed ogre
  6830 | Orc      | Killed a two-headed ogre
  6959 | Orc      | Noticed an orc knight
  6965 | Orc      | Killed an orc knight
  7049 | Orc      | Found a staircase to the Elven Halls.
  7104 | Orc      | Noticed an orc sorcerer
  7104 | Orc      | Noticed an orc sorcerer
  7290 | Orc      | Learned a level 3 spell: Ozocubu's Armour
  7375 | Orc      | Identified Orroc's Collected Works on the Helpful Escort
  7379 | Orc      | Learned a level 1 spell: Summon Butterflies
  7535 | Orc      | Reached **** piety under Sif Muna
  7535 | Orc      | Identified Sif Muna's Guide on Assistive Dislocation (Sif
                  | Muna gifted it to you in the Orcish Mines)
  7535 | Orc      | Received a gift from Sif Muna
  7593 | Orc      | Noticed an orc sorcerer
  7596 | Orc      | Killed an orc sorcerer
  7596 | Orc      | Reached skill level 1 in Charms
  7655 | Orc      | Found a roughly hewn altar of Beogh.
  7709 | Orc      | Noticed a two-headed ogre
  7709 | Orc      | Noticed an orc knight
  7709 | Orc      | Noticed an orc sorcerer
  7711 | Orc      | Killed a two-headed ogre
  7711 | Orc      | Paralysed by an orc sorcerer for 3 turns
  7713 | Orc      | Killed from afar by an orc sorcerer

Skill      XL: |  1  2  3  4  5  6  7  8  9 10 11 |
---------------+----------------------------------+-----
Conjurations   | 5 6 7 8 9 10 12 13 | 13.6
Dodging        | 3 4 5 8 10 11 12 | 12.3
Spellcasting   | 3 4 5 6 8 9 11 13 | 13.0
Stealth        | 2 3 |  3.0
Evocations     | 1 |  1.0
Transmutations | 1 |  1.2
Charms         | 1 |  1.4

Action                   |  1- 3 |  4- 6 |  7- 9 | 10-12 || total
-------------------------+-------+-------+-------+-------++-------
Melee: Dagger            |       |       |    16 |       ||    16
 Cast: Magic Dart        |    54 |    59 |   152 |   168 ||   433
       Iskenderun's Myst |    17 |    15 |    91 |   161 ||   284
       Irradiate         |       |       |     2 |     7 ||     9
       Iskenderun's Batt |       |       |       |    18 ||    18
       Orb of Destructio |       |       |       |     6 ||     6
       Ozocubu's Armour  |       |       |       |     1 ||     1
Evoke: Wand              |       |       |     3 |       ||     3
  Use: Scroll            |     4 |     4 |     3 |     1 ||    12
       Potion            |       |     4 |     6 |     3 ||    13
  Eat: Chunk             |     1 |     3 |     8 |     8 ||    20
Armor: Skin              |     2 |       |   105 |     9 ||   116
Dodge: Dodged            |     4 |     4 |    76 |    54 ||   138
Block: Other             |     1 |     1 |    49 |    23 ||    74
